 Dungeon Crawl Stone Soup version 0.24.0-13-gcf9b319 (webtiles) character file.

Game seed: 14389611838362740789, levelgen mode: deterministic

20661 Bionic the Brawler (level 12, -1/89 HPs)
             Began as a Ghoul Monk on Mar 30, 2020.
             Was a High Priest of Makhleb.
             Slain by an ice devil (7 damage)
             ... summoned by a deep elf mage
             ... on level 12 of the Dungeon.
             The game lasted 00:33:32 (15360 turns).

Bionic the Brawler (Ghoul Monk)                    Turns: 15360, Time: 00:33:32

Health: -1/89      AC: 15    Str: 20    XL:     12   Next: 81%
Magic:  11/11      EV:  7    Int:  5    God:    Makhleb [*****.]
Gold:   684        SH:  0    Dex: 11    Spells: 7/11 levels left

rFire    + . .     SeeInvis .     - Unarmed
rCold    + . .     Gourm    .   (no shield)
rNeg     + + +     Faith    .   n - +0 plate armour
rPois    ∞         Spirit   .   e - +0 helmet
rElec    .         Reflect  .   q - +0 cloak
rCorr    .         Harm     .   (no gloves)
MR       +....                  j - +0 pair of boots
Stlth    ..........             a - amulet of the Establishment {+Rage rN+}
HPRegen  0.00/turn              A - ring of protection from magic {MR+, !d}
MPRegen  0.12/turn              x - ring of protection from fire {rF+, !d}

@: confused, rotting
A: rotting body, claws 1, carnivore, cold resistance 1, negative energy
resistance 3, inhibited regeneration, torment resistance, unbreathing
a: Minor Destruction, Lesser Servant of Makhleb, Major Destruction, Greater
Servant of Makhleb, Renounce Religion


You were on level 12 of the Dungeon.
You worshipped Makhleb.
Makhleb was extremely pleased with you.
You were not hungry.

You visited 2 branches of the dungeon, and saw 13 of its levels.

You collected 684 gold pieces.

Inventory:

Missiles
 d - 135 stones (quivered)
 s - 2 throwing nets {=f, !d}
Armour
 e - a +0 helmet (worn)
   (You found it on level 8 of the Dungeon)
 j - a +0 pair of boots (worn)
   (You found it on level 4 of the Dungeon)
 n - a +0 plate armour (worn)
   (You found it on level 6 of the Dungeon)
 q - a +0 cloak (worn)
   (You took it off Crazy Yiuf on level 2 of the Dungeon)
Jewellery
 a - the amulet of the Establishment (around neck) {+Rage rN+}
   (You took it off a crimson imp on level 4 of the Dungeon)

   [amulet of rage]

   It protects you from negative energy.
   It lets you go berserk.
 u - an uncursed amulet of harm
   (You found it on level 12 of the Dungeon)
 x - a ring of protection from fire (right claw) {rF+, !d}
   (You found it on level 9 of the Dungeon)
 A - a ring of protection from magic (left claw) {MR+, !d}
   (You found it on level 9 of the Dungeon)
 B - an uncursed amulet of the acrobat
   (You found it on level 10 of the Dungeon)
 D - an uncursed ring of protection from fire {rF+, !d}
   (You found it on level 10 of the Dungeon)
Wands
 g - a wand of paralysis (7)
   (You found it on level 8 of the Dungeon)
 v - a wand of acid (8)
   (You found it on level 3 of the Dungeon)
 y - a wand of iceblast (8)
   (You found it on level 10 of the Dungeon)
 z - a wand of flame (13)
   (You took it off a hobgoblin on level 9 of the Dungeon)
Scrolls
 f - 2 scrolls of immolation {!r}
 h - 8 scrolls of teleportation
 m - a scroll of amnesia
 o - 5 scrolls of remove curse
 p - 2 scrolls of blinking {!r}
 r - a scroll of identify
Potions
 i - a potion of brilliance
 l - 6 potions of curing
 t - 5 potions of flight
 w - a potion of invisibility
 C - 3 potions of agility
 E - a potion of haste
Comestibles
 b - 32 rations


   Skills:
 - Level 3.2 Fighting
 + Level 4.7 Armour
 - Level 2.6 Dodging
 - Level 2.1 Stealth
 * Level 20.1 Unarmed Combat


You had 7 spell levels left.
You knew the following spells:

 Your Spells              Type           Power        Failure   Level  Hunger
g - Apportation           Tloc           #.....       100%        1    ##.....
r - Regeneration          Chrm/Necr      #.........   100%        3    ####...

Your spell library contained the following spells:

 Spells                   Type           Power        Failure   Level  Hunger
 Animate Skeleton         Necr           N/A          100%        1    ##.....
 Confusing Touch          Hex            #.....       100%        1    ##.....
 Pain                     Necr           #...         100%        1    ##.....
 Sting                    Conj/Pois      #...         100%        1    ##.....
 Summon Small Mammal      Summ           #...         100%        1    ##.....
 Call Imp                 Summ           #.......     100%        2    ###....
 Poisonous Vapours        Pois/Air       #.....       100%        2    ###....
 Call Canine Familiar     Summ           #.......     100%        3    ####...
 Mephitic Cloud           Conj/Pois/Air  #.......     100%        3    ####...
 Summon Guardian Golem    Hex/Summ       #.......     100%        3    ####...
 Vampiric Draining        Necr           #.........   100%        3    ####...
 Animate Dead             Necr           N/A          100%        4    #####..
 Olgreb's Toxic Radiance  Pois           #.......     100%        4    #####..
 Summon Ice Beast         Ice/Summ       #.......     100%        4    #####..
 Summon Lightning Spire   Summ/Air       #.......     100%        4    #####..
 Irradiate                Conj/Tmut      #.........   100%        5    ######.
 Venom Bolt               Conj/Pois      #.........   100%        5    ######.
 Hydra Form               Tmut           Unusable     N/A         6    N/A
 Statue Form              Tmut/Erth      Unusable     N/A         6    N/A
 Dragon Form              Tmut           Unusable     N/A         7    N/A

Dungeon Overview and Level Annotations

Branches:
Dungeon (12/15)            Temple (1/1) D:7            Lair (0/6) D:10
    Orc (0/2) D:10

Altars:
Ashenzari
Cheibriados
Dithmenos
Elyvilon
Fedhas
Gozag
Hepliaklqana
Kikubaaqudgha
Makhleb
Nemelex Xobeh
Okawaru
Qazlal
Ru
Sif Muna
Trog
Uskayaw
Vehumet
Wu Jian
Xom
Yredelemnul
Zin
The Shining One

Annotations:
D:9 1 runed translucent door, deafmute's ghost, novice DECj


Innate Abilities, Weirdness & Mutations

Your body is rotting away.
You thrive on raw meat.
You are immune to poison.
You have sharp fingernails.
You are carnivorous and can eat meat at any time.
Your flesh is cold resistant. (rC+)
You are immune to negative energy. (rN+++)
You do not regenerate when monsters are visible.
You are immune to unholy pain and torment.
You can survive without breathing.


Message History

You scratch the redback. The redback closely misses you.
The deep elf mage gestures wildly while chanting.
You eviscerate the redback!!!
You kill the redback!
The redback's corpse disappears in a puff of smoke!
You hear a shout!
A troll comes into view.
You mangle the demonic crawler!!
The deep elf mage mumbles some strange words.
The deep elf mage blinks!
The demonic crawler hits you but does no damage. x2
The demonic crawler barely misses you.
You claw the demonic crawler! The demonic crawler barely misses you.
The demonic crawler hits you but does no damage. x2
The deep elf mage hits you with a +0 short sword.
You take 3 damage, and have 86/89 hp.
You claw the deep elf mage!
The deep elf mage casts a spell.
Your plate armour prevents you from hitting the deep elf mage.
The hell rat disappears in a puff of smoke!
The demonic crawler disappears in a puff of smoke!
The deep elf mage hits you but does no damage.
You scratch the deep elf mage. The demonic crawler hits you.
The demonic crawler hits you but does no damage.
The demonic crawler closely misses you.
You take 3 damage, and have 83/89 hp.
Your plate armour prevents you from hitting the deep elf mage.
Your claw misses the deep elf mage.
The deep elf mage hits you but does no damage.
The demonic crawler hits you.
The demonic crawler hits you but does no damage. x2
The tarantella closely misses you.
You take 1 damage, and have 82/89 hp.
You closely miss the deep elf mage. The hell rat bites you!
The deep elf mage hits you but does no damage.
The tarantella bites you!
You take 23 damage, and have 59/89 hp.
MASSIVE DAMAGE!!
You miss the deep elf mage.
The demonic crawler hits you but does no damage. x2
The demonic crawler completely misses you.
The hell rat bites you but does no damage.
You closely miss the deep elf mage. The tarantella bites you.
You are confused.
The demonic crawler hits you.
The demonic crawler hits you but does no damage.
The demonic crawler hits you.
The deep elf mage casts a spell.
You take 10 damage, and have 49/89 hp.
You closely miss the deep elf mage. The tarantella barely misses you.
The hell rat bites you but does no damage.
The demonic crawler hits you but does no damage. x3
The deep elf mage hits you but does no damage.
You closely miss the deep elf mage. The tarantella bites you.
The hell rat barely misses you. The ice devil hits you!
The ice devil freezes you! You resist.
* * * LOW HITPOINT WARNING * * *
You take 23 damage, and have 26/89 hp.
MASSIVE DAMAGE!!
You bump into the rock wall.
The tarantella bites you but does no damage.
The demonic crawler hits you.
* * * LOW HITPOINT WARNING * * *
The demonic crawler hits you but does no damage. x2
The deep elf mage casts a spell.
The hell rat bites you.
* * * LOW HITPOINT WARNING * * *
The tarantella bites you!
* * * LOW HITPOINT WARNING * * *
The ice devil hits you but does no damage.
The demonic crawler hits you.
* * * LOW HITPOINT WARNING * * *
The demonic crawler barely misses you.
The demonic crawler hits you but does no damage.
You take 18 damage, and have 8/89 hp.
MASSIVE DAMAGE!!
You're too confused!
You're too confused!
You feel much better.
The tarantella bites you but does no damage.
The hell rat bites you but does no damage.
The deep elf mage hits you with a +0 short sword.
The demonic crawler hits you but does no damage. x3
The ice devil hits you but does no damage.
The ynoxinul barely misses you.
You regained 21 hp, and now have 29/89 hp.
Your magical effects are unravelling.
You feel magically purged.
You feel less confused. The tarantella closely misses you.
The hell rat bites you!
* * * LOW HITPOINT WARNING * * *
The demonic crawler barely misses you.
The demonic crawler hits you but does no damage. x2
The deep elf mage closely misses you. The tarantella bites you!
* * * LOW HITPOINT WARNING * * *
You are confused.
The ice devil hits you!
* * * LOW HITPOINT WARNING * * *
The ice devil freezes you! You resist.
You die...

##.## #)# #<#
##'## ##...##
##.....##
.#.......## .
#.......es####....
+.......r@sFrrT..T
#.......43####....
##.......## .
##.....## ##...##
##+##


You could see a demonic crawler, an ice devil, a deep elf mage, a troll, a
ynoxinul, a tarantella, a bullfrog and 3 hell rats.

Vanquished Creatures
  2 hydras
  Erica (D:8)
  4 two-headed ogres
  A centaur warrior (D:12)
  An unseen horror (D:12)
  A wolf spider (D:12)
  2 ugly things (D:12)
  2 deep elf magi (D:12)
  An oklob plant (D:10)
  3 manticores
  A gargoyle (D:11)
  A komodo dragon (D:11)
  2 queen bees
  A hornet (D:10)
  The ghost of Bronimir the Chopper, an amateur CeGl (D:3)
  Grinder (D:3)
  2 trolls (D:11)
  4 hippogriffs
  11 yaks
  A steam dragon (D:10)
  2 hungry ghosts
  A vampire mosquito (D:12)
  Menkaure (D:6)
  An acid dragon (D:11)
  2 orc warriors
  2 phantoms
  3 ice beasts
  4 sky beasts
  3 black bears (D:11)
  An ogre (D:4)
  10 centaurs
  A crocodile (D:12)
  Blork the orc (D:5)
  2 big kobolds
  5 bullfrogs
  A water moccasin zombie (D:5)
  A wyvern skeleton (D:8)
  A water moccasin skeleton (D:11)
  41 killer bees
  2 scorpions
  3 howler monkeys
  3 centaur zombies
  A bullfrog zombie (D:6)
  6 crimson imps
  3 jellies
  An orc priest (D:10)
  Crazy Yiuf (D:2)
  A bullfrog skeleton (D:12)
  2 hounds
  7 orc wizards
  A gnoll shaman (D:7)
  5 iguanas
  Jessica (D:2)
  Natasha (twice) (D:3)
  Terence (D:3)
  4 worker ants
  A howler monkey zombie (D:11)
  A worker ant zombie (D:9)
  18 gnolls
  17 adders
  2 shadow imps
  2 oozes
  An adder zombie (D:8)
  An adder skeleton (D:9)
  3 worms
  3 leopard geckos
  35 orcs
  A ball python (D:3)
  12 bats
  5 giant cockroaches
  9 goblins
  11 hobgoblins
  6 jackals
  9 quokkas
  7 frilled lizards
  16 kobolds
  2 leopard gecko skeletons
  2 quokka skeletons
  A quokka zombie (D:6)
  6 rats
341 creatures vanquished.

Notes
Turn   | Place    | Note
-------+----------+-------------------------------------------
     0 | D:1      | Bionic the Ghoul Monk began the quest for the Orb.
     0 | D:1      | Reached XP level 1. HP: 19/19 MP: 0/0
    54 | D:1      | Reached XP level 2. HP: 26/26 MP: 1/1
   106 | D:1      | Reached skill level 4 in Unarmed Combat
   589 | D:1      | Reached XP level 3. HP: 30/31 MP: 2/2
   946 | D:2      | Reached skill level 5 in Unarmed Combat
  1111 | D:2      | Reached XP level 4. HP: 35/38 MP: 3/3
  1857 | D:2      | Reached skill level 6 in Unarmed Combat
  1890 | D:2      | Reached XP level 5. HP: 37/43 MP: 4/4
  2126 | D:2      | Found a runed translucent door.
  2127 | D:2      | Noticed Crazy Yiuf
  2135 | D:2      | Killed Crazy Yiuf
  2357 | D:2      | Noticed Jessica
  2365 | D:2      | Killed Jessica
  2393 | D:2      | Reached skill level 7 in Unarmed Combat
  2402 | D:2      | Reached XP level 6. HP: 40/51 MP: 5/5
  2690 | D:3      | Noticed Terence
  2705 | D:3      | Killed Terence
  2739 | D:3      | Noticed Natasha
  2744 | D:3      | Killed Natasha
  2744 | D:3      | Reached skill level 8 in Unarmed Combat
  2773 | D:3      | Found an opulent altar of Gozag.
  3007 | D:3      | Found a runed translucent door.
  3014 | D:3      | Noticed Bronimir's ghost (amateur CeGl)
  3277 | D:3      | Noticed Natasha
  3285 | D:3      | Killed Natasha
  3450 | D:3      | Noticed Grinder
  3460 | D:3      | Killed Grinder
  3460 | D:3      | Reached skill level 9 in Unarmed Combat
  3460 | D:3      | Reached XP level 7. HP: 40/57 MP: 6/6
  3557 | D:3      | Found a shattered altar of Ashenzari.
  3602 | D:3      | Found a runed translucent door.
  3701 | D:3      | Killed Bronimir's ghost
  3701 | D:3      | Reached skill level 10 in Unarmed Combat
  3711 | D:3      | Reached XP level 8. HP: 45/62 MP: 7/7
  4047 | D:4      | Found a glowing golden altar of the Shining One.
  4260 | D:4      | Identified the amulet of the Establishment {+Rage rN+}
  4547 | D:4      | Learned a level 1 spell: Apportation
  4721 | D:5      | Entered Level 5 of the Dungeon
  4745 | D:5      | Reached skill level 11 in Unarmed Combat
  5103 | D:5      | Reached skill level 12 in Unarmed Combat
  5425 | D:5      | Reached XP level 9. HP: 70/70 MP: 8/8
  5533 | D:5      | Found a hide-covered altar of Uskayaw.
  5767 | D:6      | Noticed Menkaure
  5845 | D:6      | Found a burning altar of Makhleb.
  5848 | D:6      | Became a worshipper of Makhleb the Destroyer
  5848 | D:6      | Reached * piety under Makhleb
  5848 | D:6      | Reached ** piety under Makhleb
  5968 | D:6      | Noticed Blork the orc
  6003 | D:5      | Killed Blork the orc
  6003 | D:5      | Reached skill level 13 in Unarmed Combat
  6621 | D:6      | Killed Menkaure
  6669 | D:6      | Found a bloodstained altar of Trog.
  6986 | D:7      | Found a staircase to the Ecumenical Temple.
  7003 | Temple   | Entered the Ecumenical Temple
  7223 | D:7      | Reached skill level 14 in Unarmed Combat
  7471 | D:7      | Found a glowing silver altar of Zin.
  7488 | D:7      | Found a shimmering blue altar of Sif Muna.
  7517 | D:7      | Identified Sif Muna's Guide on Necromancy
  8170 | D:8      | Noticed Erica
  8193 | D:8      | Killed Erica
  8193 | D:8      | Reached skill level 15 in Unarmed Combat
  8193 | D:8      | Reached XP level 10. HP: 39/77 MP: 9/9
  8421 | D:8      | Reached *** piety under Makhleb
  9031 | D:8      | Noticed a two-headed ogre
  9059 | D:8      | Killed a two-headed ogre
  9059 | D:8      | Reached skill level 16 in Unarmed Combat
  9757 | D:8      | Learned a level 3 spell: Regeneration
  9843 | D:9      | Found a radiant altar of Vehumet.
  9892 | D:9      | Found a runed translucent door.
  9892 | D:9      | Noticed deafmute's ghost (novice DECj)
 10041 | D:9      | Found a sacrificial altar of Ru.
 10498 | D:9      | Noticed a two-headed ogre
 10504 | D:9      | HP: 19/77 [two-headed ogre/+0 dire flail (12)]
 10505 | D:9      | Killed a two-headed ogre
 10505 | D:9      | Reached skill level 17 in Unarmed Combat
 10505 | D:9      | Reached XP level 11. HP: 36/82 MP: 10/10
 10764 | D:10     | Entered Level 10 of the Dungeon
 10890 | D:10     | Found a staircase to the Lair.
 10891 | D:10     | Noticed an oklob plant
 10905 | D:10     | Killed an oklob plant
 10912 | D:10     | Reached **** piety under Makhleb
 11024 | D:10     | Noticed a two-headed ogre
 11038 | D:10     | Killed a two-headed ogre
 11070 | D:10     | Found a staircase to the Orcish Mines.
 11224 | D:10     | Reached skill level 18 in Unarmed Combat
 11327 | D:10     | HP: 18/82 [killer bee (4)]
 12010 | D:11     | Reached ***** piety under Makhleb
 12055 | D:11     | Noticed a manticore
 12068 | D:11     | Killed a manticore
 12240 | D:11     | Noticed a two-headed ogre
 12253 | D:11     | Killed a two-headed ogre
 12537 | D:11     | Reached skill level 19 in Unarmed Combat
 12657 | D:11     | Reached XP level 12. HP: 89/89 MP: 11/11
 12701 | D:11     | Reached skill level 1 in Armour
 12825 | D:11     | Noticed a four-headed hydra
 12838 | D:11     | Killed a four-headed hydra
 12838 | D:11     | Reached skill level 2 in Armour
 14136 | D:12     | Reached skill level 3 in Armour
 14467 | D:12     | Noticed a six-headed hydra
 14481 | D:12     | Noticed a centaur warrior
 14483 | D:12     | Killed a six-headed hydra
 14489 | D:12     | Killed a centaur warrior
 14508 | D:12     | Reached skill level 4 in Armour
 14661 | D:12     | Reached skill level 20 in Unarmed Combat
 15358 | D:12     | HP: 22/89 [demonic crawler[a deep elf mage] (4)]
 15358 | D:12     | HP: 9/89 [tarantella[a deep elf mage] (7)]
 15360 | D:12     | Slain by an ice devil

Levels and vault maps discovered:
D:1:      dpeg_arrival_oval, layout_basic
D:2:      layout_basic, uniq_crazy_yiuf_cottage, uniq_jessica
D:3:      layout_loops_ring, lemuel_coloured_pillars_altar,
          ebering_ghost_sewer_f, kennysheep_cross_room, grunt_gozag_breadcrumbs,
          uniq_natasha, uniq_terence, uniq_grinder
D:4:      layout_loops_corners, marbit_many_paths
D:5:      layout_basic, lemuel_crystal_altar, first_ration, serial_bayou_pond_b
D:6:      layout_cave_pods, lemuel_doored_altar, bloody_makhleb,
          uniq_blork_the_orc, uniq_menkaure
D:7:      layout_basic, led_sif_book, lemuel_crystal_altar,
          minmay_temple_entry_ruins, kennysheep_nondescript
D:8:      layout_basic, david_nohive_1, uniq_erica
D:9:      layout_basic, old_standard_altar, ebering_ghost_reflecting_pool,
          vehumet_altar_wand_db
D:10:     layout_roguey, dpeg_oklobed_lair, hiddenorc1_lemuel, special_room
          [special_room_bee]
D:11:     layout_layer_cave, kennysheep_generic_room_15
D:12:     layout_loops_corners, minivault_28
Temple:   cyrus_circular_temple

Skill      XL: |  1  2  3  4  5  6  7  8  9 10 11 12 |
---------------+-------------------------------------+-----
Unarmed Combat | 4 5 6 7 9 10 12 15 17 19 20 | 20.1
Armour         | 4 |  4.7
Fighting       | |  3.2
Dodging        | |  2.6
Stealth        | |  2.1

Action                   |  1- 3 |  4- 6 |  7- 9 | 10-12 || total
-------------------------+-------+-------+-------+-------++-------
Melee: Unarmed           |    91 |   202 |   294 |   681 ||  1268
       Punch             |     4 |     3 |     5 |    21 ||    33
Throw: Stone             |    35 |    91 |   102 |   154 ||   382
Invok: Lesser Servant of |       |       |       |     1 ||     1
Evoke: Wand              |       |       |       |     3 ||     3
  Use: Scroll            |       |     1 |    17 |     9 ||    27
       Potion            |       |       |     3 |     3 ||     6
 Stab: Sleeping          |     3 |       |       |       ||     3
  Eat: Chunk             |     4 |    13 |    15 |    22 ||    54
Armor: Robe              |    11 |       |       |       ||    11
       Ring mail         |    18 |    43 |       |       ||    61
       Scale mail        |       |    12 |    46 |       ||    58
       Plate armour      |       |       |    77 |   406 ||   483
Dodge: Dodged            |    60 |    88 |    70 |   199 ||   417

Levels and vault maps discovered:
D:1:      dpeg_arrival_oval, layout_basic
D:2:      layout_basic, uniq_crazy_yiuf_cottage, uniq_jessica
D:3:      layout_loops_ring, lemuel_coloured_pillars_altar,
          ebering_ghost_sewer_f, kennysheep_cross_room, grunt_gozag_breadcrumbs,
          uniq_natasha, uniq_terence, uniq_grinder
D:4:      layout_loops_corners, marbit_many_paths
D:5:      layout_basic, lemuel_crystal_altar, first_ration, serial_bayou_pond_b
D:6:      layout_cave_pods, lemuel_doored_altar, bloody_makhleb,
          uniq_blork_the_orc, uniq_menkaure
D:7:      layout_basic, led_sif_book, lemuel_crystal_altar,
          minmay_temple_entry_ruins, kennysheep_nondescript
D:8:      layout_basic, david_nohive_1, uniq_erica
D:9:      layout_basic, old_standard_altar, ebering_ghost_reflecting_pool,
          vehumet_altar_wand_db
D:10:     layout_roguey, dpeg_oklobed_lair, hiddenorc1_lemuel, special_room
          [special_room_bee]
D:11:     layout_layer_cave, kennysheep_generic_room_15
D:12:     layout_loops_corners, minivault_28
Temple:   cyrus_circular_temple

Table legend:
 A = Turns spent in this place as a percentage of turns spent in the entire game.
 B = Non-inter-level travel turns spent in this place as a percentage of non-inter-level travel turns spent in the entire game.
 C = Inter-level travel turns spent in this place as a percentage of turns spent in this place.
 D = Turns resting spent in this place as a percentage of non-inter-level travel turns spent in this place.
 E = Turns spent auto-exploring this place as a percentage of non-inter-level travel turns spent in this place.
 F = Non-inter-level travel turns spent in this place divided by the number of levels of this place that you've seen.
                   A       B       C       D       E      F
               +-------+-------+-------+-------+-------+----------------------
         Total | 100.0 | 100.0 |   2.9 |  27.3 |  48.2 | 1147.2
       Dungeon |  99.6 |  99.6 |   2.9 |  27.5 |  48.0 | 1238.0
        Temple |   0.4 |   0.4 |  12.3 |   0.0 |  96.5 |  57.0
               +-------+-------+-------+-------+-------+----------------------

Table legend:
 A = Kills in this place as a percentage of kills in entire the game.
 B = Kills by you in this place as a percentage of kills by you in the entire game.
 C = Kills by friends in this place as a percentage of kills by friends in the entire game.
 D = Other kills in this place as a percentage of other kills in the entire game.
 E = Experience gained in this place as a percentage of experience gained in the entire game.
 F = Experience gained in this place divided by the number of levels of this place that you have seen.
                   A       B       C       D       E      F
               +-------+-------+-------+-------+-------+----------------------
         Total | 100.0 | 100.0 |   N/A |   N/A | 100.0 | 2270.5
       Dungeon | 100.0 | 100.0 |   N/A |   N/A | 100.0 | 2459.8
               +-------+-------+-------+-------+-------+----------------------
